Cogmind - Beta 10 @@@ ROGUE MODE // 2020.09.18 @ 22:32:42 Player: DBrickShaw Result: Destroyed by Y-54 Guardian with Flak Gun Performance ------------- Evolutions (3) 1500 Regions Visited (4) 800 Robots Destroyed (24) 120 Value Destroyed (800) 800 Prototype IDs (4) 80 Alien Tech Used (0) 0 Bonus (61) 61 TOTAL SCORE: 3361 Bonus ------- High Alert Combat Kills 61 Cogmind --------- Core Integrity 0/700 Matter 241/300 Energy 93/100 System Corruption 0% Temperature Cool (12) Movement Core (100) Ox1 Location -7/Factory Parts ------- > --- POWER (2) -------- (None) > --- PROPULSION (4) --- Light Treads > --- UTILITY (4) ------ (None) > --- WEAPON (3) ------- Great Axe > --- INVENTORY (4) ---- Light Deuterium Engine Large Storage Unit Autogun Mini Grenade Launcher Peak State ------------ > --- POWER ------------ Improved Ion Engine Deuterium Engine > --- PROPULSION ------- Wheel Wheel Compact Wheel Compact Wheel > --- UTILITY ---------- Large Storage Unit Structural Scanner Hacking Suite > --- WEAPON ----------- Beam Rifle Autogun > --- INVENTORY -------- Ion Engine Light Treads Large Storage Unit Light Armor Plating Autogun Autogun Autogun Mini Grenade Launcher Mining Laser Heavy Mace [Rating: 19] Favorites ----------- Power Ion Engine Engine Ion Engine Propulsion Wheel Treads Light Treads Wheel Wheel Utility Structural Scanner Device Structural Scanner Storage Large Storage Unit Hackware Hacking Suite Protection Light Armor Plating Weapon Autogun Energy Gun Beam Rifle Ballistic Gun Autogun Launcher Rocket Launcher Slashing Weapon Great Axe Build | -11 -10 -9 -8 -7 ------- Run | Scr Mat Mat Mat Fac Slots Evolved 6 | . . 2 2 2 Power 1 | . . . 1 . Propulsion 2 | . . 1 1 . Utility 2 | . . 1 . 1 Weapon 1 | . . . . 1 Parts Attached 34 | 9 1 7 14 3 Power 7 | 1 . 1 4 1 Engine 7 | 1 . 1 4 1 Core . | . . . . . Reactor . | . . . . . Propulsion 7 | 3 . 1 2 1 Treads 2 | . . . 1 1 Leg . | . . . . . Wheel 5 | 3 . 1 1 . Hover . | . . . . . Flight . | . . . . . Utility 8 | 3 1 2 2 . Device 3 | 2 1 . . . Storage 2 | 1 . 1 . . Processor . | . . . . . Hackware 1 | . . . 1 . Protection 2 | . . 1 1 . Artifact . | . . . . . Weapon 12 | 2 . 3 6 1 Energy Gun 2 | 1 . 1 . . Energy Cannon . | . . . . . Ballistic Gun 6 | 1 . 2 3 . Ballistic Cannon . | . . . . . Launcher 3 | . . . 3 . Special Weapon . | . . . . . Impact Weapon . | . . . . . Slashing Weapon 1 | . . . . 1 Piercing Weapon . | . . . . . Special Melee Weapon . | . . . . . Unidentified Prototypes . | . . . . . Parts Lost 14 | . . . 14 . Power 3 | . . . 3 . Propulsion 5 | . . . 5 . Utility 1 | . . . 1 . Weapon 5 | . . . 5 . Highest Loss Streak 14 | . . . 14 . Average Slot Usage (%) 71 | . 100 95 71 3 Engine 10 | . 14 11 13 1 Wheel 22 | . 28 33 20 . Device 6 | . 14 11 . . Storage 8 | . 14 11 6 . Hackware 2 | . . . 8 . Protection 3 | . . 6 4 . Energy Gun 7 | . 14 11 4 . Ballistic Gun 8 | . 14 11 7 . Naked Turns 114 | . . . 8 106 Heaviest Build 42 | 12 12 33 42 5 Greatest Support 52 | 26 20 36 52 3 Greatest Overweight (x) 2 | 1 . . 2 1 Average Overweight (x) . | . . . . . Largest Inventory Capacity 12 | 6 6 12 10 4 Average Capacity 7 | 5 6 9 8 4 Most Carried 10 | 6 6 10 10 4 Average Carried 6 | 3 6 8 7 3 Final Capacity 10 | 6 6 10 4 4 Final Carried 10 | 6 6 10 4 4 Class Distribution -------------------- 100% | Mutant Dominant Class ---------------- Mutant | -10/Materials Mutant | -9/Materials Mutant | -8/Materials Mutant | -7/Factory Resources | -11 -10 -9 -8 -7 ----------- Run | Scr Mat Mat Mat Fac Matter Collected 598 | 296 . 70 168 64 Remotely . | . . . . . Salvage Created 764 | 112 . 101 412 139 Parts 49 | 14 . 8 16 11 Haulers Intercepted 1 | . . 1 . . Recyclers Shooed 2 | . . . 2 . Parts Field Recycled . | . . . . . Retrieved Matter . | . . . . . Parts Self-Destructed . | . . . . . Prevented . | . . . . . Kills | -11 -10 -9 -8 -7 ------- Run | Scr Mat Mat Mat Fac Combat Hostiles Destroyed 12 | . . . 10 2 Melee 2 | . . . . 2 Guns 1 | . . . 1 . AOE 9 | . . . 9 . Classes Destroyed 9 | 2 . 3 3 1 Worker 3 | . . 1 2 . Tunneler 3 | 3 . . . . Hauler 1 | . . 1 . . Recycler 4 | 1 . . 3 . Watcher 1 | . . 1 . . Grunt 8 | . . . 8 . Brawler 1 | . . . 1 . Protector 1 | . . . 1 . Sentry 2 | . . . . 2 Best Kill Streak 14 | 2 . 2 14 2 Combat Bots Only 9 | . . . 9 2 Max Kills in Single Turn 4 | 1 . 1 4 1 Gunslinging . | . . . . . Exploded 2 | . . . 2 . Melee 1 | . . . . 1 Uniques/NPCs Destroyed . | . . . . . Combat | -11 -10 -9 -8 -7 -------- Run | Scr Mat Mat Mat Fac Damage Taken 2175 | . . 234 1191 750 Core 1032 | . . 28 298 706 Absorbed by Shields . | . . . . . Core Remaining (%) 84 | 100 100 93 45 . Volleys Fired 35 | 6 2 8 19 . Largest 2 | 2 2 2 2 . Hottest 89 | 60 60 79 89 . Shots Fired 63 | 12 4 16 31 . Gun 53 | 12 4 16 21 . Cannon . | . . . . . Launcher 10 | . . . 10 . Special . | . . . . . Kinetic 29 | 6 2 8 13 . Thermal 24 | 6 2 8 8 . Explosive 10 | . . . 10 . Electromagnetic . | . . . . . Robot Hit Streak 7 | 7 1 2 4 . Robot Miss Streak 4 | 1 2 4 3 . Penetration Max . | . . . . . Secondary Targets . | . . . . . Shots Hit Robots 35 | 7 1 8 14 5 Core Hits 49 | 5 . 3 37 4 Critical Hits . | . . . . . Critical Kills . | . . . . . Critical Parts Destroyed . | . . . . . Melee Attacks 7 | . . . . 7 Impact . | . . . . . Slashing 7 | . . . . 7 Piercing . | . . . . . Sneak Attacks . | . . . . . Combat Hostiles . | . . . . . Follow-up Attacks . | . . . . . Damage Inflicted 2347 | 80 . 126 1917 224 Guns 342 | 80 . 126 136 . Cannons . | . . . . . Explosions 1781 | . . . 1781 . Melee 219 | . . . . 219 Ramming 5 | . . . . 5 Kinetic 162 | 13 . 55 94 . Thermal 622 | 67 . 71 484 . Explosive 1339 | . . . 1339 . Electromagnetic . | . . . . . Impact . | . . . . . Slashing 219 | . . . . 219 Piercing . | . . . . . Highest Corruption . | . . . . . Average Corruption . | . . . . . Corruption Purged . | . . . . . Overload Shots . | . . . . . Overflow Damage 75 | . . . 75 . Projectiles . | . . . . . Explosions 75 | . . . 75 . Melee . | . . . . . Knockbacks . | . . . . . Impact . | . . . . . Kinetic . | . . . . . Secondary . | . . . . . Self-Inflicted Damage 35 | . . . 33 2 Shots 1 | . . . 1 . Rammed 3 | . . . . 3 Targets Rammed 3 | . . . . 3 Kicked . | . . . . . Crushed . | . . . . . Highest Temperature 242 | 20 20 92 242 . Average Temperature 80 | 15 15 39 107 . Received Heat Transfer 843 | . . 72 549 222 Siege Activations . | . . . . . Robots Corrupted . | . . . . . Combat Hostiles . | . . . . . Parts Fried . | . . . . . Impact Corruptions . | . . . . . Robots Melted . | . . . . . Combat Hostiles . | . . . . . Parts Melted . | . . . . . Heat Transferred 796 | 150 . 185 461 . Parts Sabotaged . | . . . . . Parts Stolen . | . . . . . Parts Stripped . | . . . . . Power Chain Reactions . | . . . . . Missiles Intercepted . | . . . . . Alert | -11 -10 -9 -8 -7 ------- Run | Scr Mat Mat Mat Fac Peak Influence 520 | 20 28 80 520 356 Initial 224 | . 13 11 33 224 Average 128 | 7 15 45 289 259 Maximum Alert Level 2 | . . . 2 1 Low Security (%) 69 | 100 100 100 41 . Level 1 20 | . . . 11 100 Level 2 10 | . . . 47 . Level 3 . | . . . . . Level 4 . | . . . . . Level 5 . | . . . . . High Security . | . . . . . Max Security . | . . . . . Squads Dispatched 5 | . . 3 2 . Investigation . | . . . . . Extermination . | . . . . . Reinforcement 4 | . . 3 1 . Assault 1 | . . . 1 . Garrison . | . . . . . Intercept . | . . . . . Construction Impeded . | . . . . . Haulers Reinforced . | . . . . . Stealth | -11 -10 -9 -8 -7 --------- Run | Scr Mat Mat Mat Fac Distress Signals 4 | . . 1 3 . Communications Jammed . | . . . . . Distress Signals . | . . . . . Times Spotted 40 | . 2 9 25 4 Peak Tracking Total 13 | . 2 5 13 4 Tactical Retreats 2 | . . . 1 1 Traps | -11 -10 -9 -8 -7 ------- Run | Scr Mat Mat Mat Fac Traps Triggered 2 | . . . 2 . Indirectly . | . . . . . Trap Hack Attempts . | . . . . . Triggered . | . . . . . Disarmed . | . . . . . Reprogrammed . | . . . . . Reused . | . . . . . Traps Extracted . | . . . . . Installed . | . . . . . Triggered . | . . . . . Machines | -11 -10 -9 -8 -7 ---------- Run | Scr Mat Mat Mat Fac Machines Disabled 9 | . . . 9 . Max in Single Turn 9 | . . . 9 . Garrison Access 1 | . . . 1 . Machines Sabotaged . | . . . . . Garrisons Compromised . | . . . . . Overloaded Fab Kills . | . . . . . Fab Network Shutdowns . | . . . . . Hacking | -11 -10 -9 -8 -7 --------- Run | Scr Mat Mat Mat Fac Machines Accessed 7 | . 1 4 1 1 Terminals 5 | . 1 3 1 . Fabricators 1 | . . . . 1 Repair Stations . | . . . . . Recycling Units . | . . . . . Scanalyzers 1 | . . 1 . . Garrison Access . | . . . . . Total Hacks 17 | . 3 9 3 2 Successful 11 | . 2 6 1 2 Failed 6 | . 1 3 2 . Catastrophic . | . . . . . Database Lockouts . | . . . . . Manual 5 | . 2 1 2 . Terminals 12 | . 3 6 3 . Fabricators 2 | . . . . 2 Repair Stations . | . . . . . Recycling Units . | . . . . . Scanalyzers 3 | . . 3 . . Garrison Access . | . . . . . Terminal Hacks 4 | . 1 2 1 . Robot Analysis 1 | . 1 . . . Prototype ID Bank 2 | . . 1 1 . Dispatch Records 1 | . . 1 . . Fabricator Hacks 2 | . . . . 2 Load Schematic 1 | . . . . 1 Build 1 | . . . . 1 Repair Station Hacks . | . . . . . Recycling Unit Hacks . | . . . . . Scanalyzer 3 | . . 3 . . Insert Component 2 | . . 2 . . Analyze 1 | . . 1 . . Garrison Access Hacks . | . . . . . Unauthorized Hacks 2 | . 1 1 . . Terminals 2 | . 1 1 . . Assimilate 2 | . 1 1 . . Fabricators . | . . . . . Repair Stations . | . . . . . Recycling Units . | . . . . . Scanalyzers . | . . . . . Garrison Access . | . . . . . Data Cores Recovered . | . . . . . Used . | . . . . . Hacking Detections 3 | . . 2 1 . Full Trace Events 1 | . . 1 . . Feedback Events . | . . . . . Feedback Blocked . | . . . . . Robot Schematics Acquired . | . . . . . Robots Built . | . . . . . Matter . | . . . . . Time . | . . . . . Total Robot Build Rating . | . . . . . Part Schematics Acquired 1 | . . 1 . . Parts Built 1 | . . . . 1 Matter 124 | . . . . 124 Time 31 | . . . . 31 Total Part Build Rating 2 | . . . . 2 Parts Repaired . | . . . . . Time . | . . . . . Parts Recycled . | . . . . . Recycled Matter . | . . . . . Retrieved Matter . | . . . . . Retrieved Components . | . . . . . Parts Scanalyzed 1 | . . 1 . . Part Schematics Acquired 1 | . . 1 . . Parts Damaged . | . . . . . Bothacking | -11 -10 -9 -8 -7 ------------ Run | Scr Mat Mat Mat Fac Used RIF Installer . | . . . . . Robots Hacked . | . . . . . Non-combat . | . . . . . Combat . | . . . . . Robot Hacks Applied . | . . . . . Relay Couplers Released 3 | . . . 3 . Machine Destruction 3 | . . . 3 . Robots Rewired . | . . . . . Allies Hacked . | . . . . . Hacks Repelled . | . . . . . Allies | -11 -10 -9 -8 -7 -------- Run | Scr Mat Mat Mat Fac Total Allies . | . . . . . Largest Group . | . . . . . Highest-Rated Group . | . . . . . Highest-Rated Ally . | . . . . . Total Orders . | . . . . . Ally Attacks . | . . . . . Total Damage . | . . . . . Kills . | . . . . . Allies Corrupted . | . . . . . Allies Melted . | . . . . . Intel | -11 -10 -9 -8 -7 ------- Run | Scr Mat Mat Mat Fac Robot Analysis Total 1 | . 1 . . . Derelict Logs Recovered . | . . . . . Drone Launches . | . . . . . Drone Recoveries . | . . . . . Exploration | -11 -10 -9 -8 -7 ------------- Run | Scr Mat Mat Mat Fac Turns Passed 919 | 98 123 337 199 162 Spaces Moved 897 | 74 126 338 180 179 Core 277 | 4 . . 94 179 Treads . | . . . . . Legs . | . . . . . Wheels 620 | 70 126 338 86 . Hover . | . . . . . Flight . | . . . . . Fastest Speed 50 | 50 80 86 50 50 Average Speed 76 | 84 80 86 71 59 Slowest Speed 120 | 100 80 86 120 100 Overloaded Moves . | . . . . . Propulsion Burnouts . | . . . . . Robots Hopped . | . . . . . Cave-ins Triggered . | . . . . . Exploration Rate (%) 20 | 5 29 37 25 5 Regions Visited 4 Branch Regions . Pre-discovered Areas . | . . . . . Known Exits Taken . | . . . . . Unknown Exits Taken 4 | 1 1 1 1 . Scrap Searched . | . . . . . Spaces Dug . | . . . . . Terrain Destroyed 49 | . . . 49 . Melee . | . . . . . Projectile . | . . . . . AOE 49 | . . . 49 . Terrain Rammed . | . . . . . Walls Destroyed . | . . . . . Machines Disabled . | . . . . . Actions | -11 -10 -9 -8 -7 --------- Run | Scr Mat Mat Mat Fac Total 1058 | 94 144 373 223 224 Wait 52 | . 15 8 . 29 Move 893 | 73 125 337 179 179 Hop . | . . . . . Pick Up 15 | 5 . 6 3 1 Fast Attach 15 | 7 1 2 3 2 Attach 11 | . . 1 9 1 Detach 5 | . . 1 3 1 Swap 8 | 2 . 4 2 . Drop 14 | 1 1 6 5 1 Fire 35 | 6 2 8 19 . Melee 7 | . . . . 7 Ram 3 | . . . . 3 Kick . | . . . . . Crush . | . . . . . Escape Stasis . | . . . . . Rewire . | . . . . . Trap . | . . . . . Miscellaneous . | . . . . . Route ------- -11/Scrapyard -10/Materials -9/Materials -8/Materials -7/Factory (discovered 1 exit: [*Low]) History --------- Turn | Location | Event 13 | -11/Scrapyard | Discovered new exit (range 15) 99 | -11/Scrapyard | Entered Materials 197 | -10/Materials | Discovered new exit (range 15) 222 | -10/Materials | Entered another Materials area 222 | -9/Materials | Evolved 2 slots: Propulsion x1, Utility x1 300 | -9/Materials | Build established: Mutant 541 | -9/Materials | Discovered new exit (range 15) 559 | -9/Materials | Entered another Materials area 559 | -8/Materials | Evolved 2 slots: Power x1, Propulsion x1 698 | -8/Materials | Destroyed 9 combat bots 740 | -8/Materials | Core integrity fell below 50% 748 | -8/Materials | Discovered new exit (range 16) 758 | -8/Materials | Entered Factory 758 | -7/Factory | Evolved 2 slots: Utility x1, Weapon x1 767 | -7/Factory | Lost 14 parts (3p5n1u5w) 822 | -7/Factory | Fabricated Mni. Grenade Launcher (x1) 863 | -7/Factory | Discovered new exit (range 15) 898 | -7/Factory | Core integrity fell below 50% 911 | -7/Factory | Core integrity fell below 20% 920 | -7/Factory | Destroyed by Y-54 Guardian with Flak Gun Last Messages --------------- >>Load(Mni. Grenade Launcher) Uploading Mni. Grenade Launcher schematic... Loaded successfully: Mni. Grenade Launcher Rating: 2 Time: 31 Matter: 124 Initiate build sequence. >>Build Building Mni. Grenade Launcher... ETC: 31 00822_ Fabricator completes Mni. Grenade Launcher. 00825_ Dropped Autogun. 00825_ Acquired Mni. Grenade Launcher. 00863_ EXIT=FOUND 00875_ Slammed into Y-54 Guardian. 00886_ Acquired Great Axe. 00904_ Y-54 Guardian destroyed. 00914_ Acquired 64 matter. 00916_ Acquired Lgt. Treads. Map ----- +----------------------------------------------------+ | ????# #??????????? | | ????# ########+############### #??????????? | | ????# #?# #???????# #??????????? | | ????######## #?# #???????# #??????????? | | ???????????# #?# #???????# #??????????? | | ???????????# #?# #???????# #??????????? | | ???????????# #?# """ """ #???????# #??????????? | | ???????????# #?# """ """ #???????# #??????????? | | ???????????# #?# """ """ #???????# #??????????? | | ???????????# #?# #???????# #??????????? | | ???????????# #?# #???????# #??????????? | | ???????????# #?# ""["" #???????# #??????????? | | ???????????# #?# "F "" #???????# #??????????? | | ???????????# #?# """"" #???????# #??????????? | | ???????????# #?##############???????? ???????????? | | ???????????# #??????????????????????? ???????????? | | ############ #??????????????????????? #??????????? | | # ## #??????????#######?????# ##?????????? | | # ## ##?????????# ! ##### ?????????? | | ?"""" # #####?????# ???????????? | | ?"""" + < #?????# ? ???????????? | | ?"""" # ### #?????# ????????????????? | | ?"""" ####### ####??# #??????????????????? | | # #??# #???# ##########??????????? | | # #??# *#####Y # [#??????????? | | ###########??# =[%!! @ + "" #??????????? | | ?????????????# =!! ! # "" #??????????? | | ?????????????# [ # """ #??????????? | | ?????????????# ######### """ #??????????? | | ?????????????# #???????# """ #??????????? | | ?????????????#########???????# [#??????????? | | ?????????????????????????????# ???????????? | | ?????????????????????????????# #??????????? | | ??????????????????????????????#########??????????? | | ?????????????????????????????????????????????????? | | | | | | | | | | | | | | | | | | | | | | | | | | | | | | | +----------------------------------------------------+ Best States ------------- Heat Dissipation 34 Energy Generation 21 Energy Capacity 440 Matter Stores 300 Matter Capacity 300 Sight Range 16 Terrain Scan Range 16 Terrain Scan Density 10 Armor Coverage 150 Evasion (%) 50 Recoil Reduction 1 Offensive Hacking 10 Item Schematics ----------------- Mni. Grenade Launcher | -9/Materials | Scanalyzed Robot Schematics ------------------ None Fabricated ------------ Mni. Grenade Launcher | x1 | -7/Factory Alien Tech Used ----------------- None Achievements -------------- None Challenges ------------ None Game ------ Seed MediumFissionCompressor Manual? 0 Play Time 00:17:11 Cumulative 42.2 hours Start 2020.09.17 @ 22:49:33 End 2020.09.18 @ 22:32:42 Sessions 3 Manual Loads 0 Difficulty Rogue Special Mode None Game No. 59 Rogue 59 Adventurer 0 Explorer 0 Win Type - Total 0 Types 0/0/0/0/0/0/0/0/0 Lore% 31 Gallery% 39 Achievement% 22 Wizard Run 0 Options --------- ASCII 1 Keyboard 1 Movement Numpad Keybinds 0 Fullscreen 2 Font 18/X11Bold Map View 76x50 Tactical HUD 1 Map Filters NONE Filters NONE Steam 0 RUN: ccbbd5fc-af79-4b85-a486-411852f63344